 Dungeon Crawl Stone Soup version 0.20.1-1-g8b1a95d (webtiles) character file.

6975 lorenzova the Thaumaturge (level 10, 0/50 HPs)
             Began as a Deep Elf Conjurer on Oct 26, 2017.
             Was an Elder of Sif Muna.
             Slain by a stone giant (35 damage)
             ... on level 9 of the Dungeon.
             The game lasted 00:27:57 (11597 turns).

lorenzova the Thaumaturge (Deep Elf Conjurer)      Turns: 11597, Time: 00:27:59

Health: 0/50       AC:  4    Str:  5    XL:     10   Next: 81%
Magic:  6/29       EV: 12    Int: 23    God:    Sif Muna [****..]
Gold:   384        SH:  0    Dex: 16    Spells: 24/35 levels left

rFire    . . .     SeeInvis .   K - +1 war axe (elec) (curse)
rCold    + . .     Gourm    .   (no shield)
rNeg     . . .     Faith    .   y - +1 leather armour {rC+}
rPois    +         Spirit   .   (no helmet)
rElec    .         Reflect  .   k - scarf {cloud immunity}
rCorr    .         Harm     .   (no gloves)
MR       +....                  (no boots)
Stlth    +++.......             (no amulet)
Regen    0.2/turn               l - ring of stealth
MPRegen  0.3/turn               w - ring of poison resistance

@: no status effects
A: no striking features
a: Divine Energy, Channel Magic, Forget Spell, Renounce Religion


You were on level 9 of the Dungeon.
You worshipped Sif Muna.
Sif Muna was greatly pleased with you.
You were not hungry.

You visited 1 branch of the dungeon, and saw 9 of its levels.

You collected 384 gold pieces.

Inventory:

Hand Weapons
 z - a +2 spear of freezing
 F - a +2 dagger of speed
 K - a cursed +1 war axe of electrocution (weapon)
Armour
 a - a +0 robe
 k - a scarf of cloud immunity (worn)
 y - a +1 leather armour of cold resistance (worn)
Jewellery
 l - a ring of stealth (left hand)
 w - a ring of poison resistance (right hand)
Scrolls
 g - 2 scrolls of recharging {unknown}
 h - a scroll of fear {unknown}
 t - 5 scrolls of remove curse {unknown}
 u - 3 scrolls of immolation {unknown}
 v - a scroll of enchant weapon {unknown}
 x - 7 scrolls of amnesia {unknown}
 A - 2 scrolls of blinking {unknown}
 C - a scroll of noise {unknown}
 D - a scroll of summoning {unknown}
 E - 3 scrolls of teleportation {unknown}
 N - a scroll of magic mapping {unknown}
Potions
 d - a potion of flight
 e - 8 potions of curing
 i - a potion of heal wounds
 j - 2 potions of mutation
 m - a potion of haste
 n - 2 potions of invisibility
 o - a potion of magic
 B - 2 potions of lignification
 G - 2 potions of brilliance
 M - a potion of ambrosia
Books
 b - a book of Conjurations

   Spells                             Type                      Level
   a - Magic Dart                     Conjuration                  1
   b - Searing Ray                    Conjuration                  2
   c - Dazzling Spray                 Conjuration/Hexes            3
   d - Fulminant Prism                Conjuration/Hexes            4
   e - Force Lance                    Conjuration/Translocation    4
   f - Iskenderun's Mystic Blast      Conjuration                  4
 p - a book of Changes

   Spells                             Type                      Level
   a - Beastly Appendage              Transmutation                1
   b - Sticks to Snakes               Transmutation                2
   c - Spider Form                    Transmutation/Poison         3
   d - Ice Form                       Ice/Transmutation            4
   e - Blade Hands                    Transmutation                5
 O - a book of Battle

   Spells                             Type                      Level
   a - Infusion                       Charms                       1
   b - Shroud of Golubria             Charms/Translocation         2
   c - Song of Slaying                Charms                       2
   d - Spectral Weapon                Hexes/Charms                 3
   e - Regeneration                   Charms/Necromancy            3
Comestibles
 c - 7 bread rations
 f - 2 fruits
 q - 2 meat rations
 r - 2 chunks of flesh
 L - a royal jelly


   Skills:
 - Level 2.4 Dodging
 - Level 2.4 Stealth
 * Level 13.4 Spellcasting
 * Level 12.1 Conjurations
 + Level 8.8 Hexes
 + Level 2.9 Invocations


You had 24 spell levels left.
You knew the following spells:

 Your Spells              Type           Power        Failure   Level  Hunger
a - Magic Dart            Conj           ####         1%          1    None
b - Searing Ray           Conj           ######       1%          2    None
c - Iskenderun's Mystic   Conj           ######..     1%          4    None
d - Fulminant Prism       Conj/Hex       ######....   1%          4    None


Dungeon Overview and Level Annotations

Branches:
Dungeon (9/15)             Temple (0/1) D:7
   Lair: D:8-11         Orc: D:9-12

Altars:
Cheibriados
Dithmenos
Fedhas
Gozag
Okawaru
Qazlal
Sif Muna
Xom
The Shining One

Shops:
D:6 :


Message History

Casting: Iskenderun's Mystic Blast
Confirm with . or Enter, or press ? or * to list all spells.
Aiming: Iskenderun's Mystic Blast
Press: ? - help, Shift-Dir - straight line, f/p - stone giant
Aim: a stone giant (heavily wounded)
The orb of energy hits the stone giant.
The stone giant is severely wounded.
The orb of energy explodes!
Casting: Iskenderun's Mystic Blast
Confirm with . or Enter, or press ? or * to list all spells.
Aiming: Iskenderun's Mystic Blast
Press: ? - help, Shift-Dir - straight line, f/p - stone giant
Aim: a stone giant (severely wounded)
The orb of energy hits the stone giant.
The stone giant is almost dead.
The orb of energy explodes!
You hear a shout!
The stone giant hits you!!
Ouch! That really hurt!
You die...

#...##########.# #.#
...............# #.#####
...............# #.....#
...............########...###
#.........................#
#....................:....#
#.........................#
#.#########......<(.......#
#. #....C@.........# .
#....#####......#
#....#...#......##
#....#...#.......#
#....#...'.......#
#....#...#.......#
##...#####.......####
#..................#
#..................#


You could see a stone giant.

Vanquished Creatures
  A two-headed ogre (D:9)
  Joseph (D:7)
  The ghost of zezblit the Skirmisher, a novice DsAK of Lugonu (D:4)
  A hornet (D:8)
  A hippogriff (D:7)
  A spriggan (D:7)
  Eustachio (D:6)
  A basilisk (D:9)
  2 hungry ghosts (D:9)
  A water moccasin (D:7)
  Duvessa (D:6)
  2 sky beasts
  A hornet zombie (D:9)
  3 orc warriors
  A phantom (D:4)
  2 black bears
  2 ice beasts
  5 necrophages
  5 centaurs
  4 bullfrogs
  Dowan (D:6)
  A wyvern skeleton (D:9)
  A scorpion (D:9)
  7 killer bees
  8 wights (D:6)
  2 electric eels (D:6)
  4 howler monkeys
  5 crimson imps
  A bullfrog zombie (D:6)
  4 hounds
  A centaur zombie (D:9)
  2 jellies
  An orc priest (D:8)
  5 orc wizards
  2 iguanas
  Jessica (D:2)
  2 bullfrog skeletons (D:6)
  2 centaur skeletons
  Natasha (twice) (D:3)
  10 worker ants
  Ijyb (D:5)
  Robin (D:3)
  5 gnolls
  8 adders
  A shadow imp (D:5)
  3 oozes
  2 adder skeletons
  An adder zombie (D:9)
  4 worms
  11 dart slugs
  6 leopard geckos
  20 orcs
  A ball python (D:6)
  7 giant cockroaches
  10 hobgoblins
  11 jackals
  2 quokkas
  8 bats
  6 frilled lizards
  19 goblins
  9 kobolds
  A leopard gecko zombie (D:5)
  7 rats
  A bush (D:9)
  4 plants (D:9)
248 creatures vanquished.

Vanquished Creatures (others)
  14 fulminant prisms
  8 plants (D:9)
22 creatures vanquished.

Grand Total: 270 creatures vanquished

Notes
Turn   | Place    | Note
-------+----------+-------------------------------------------
     0 | D:1      | lorenzova the Deep Elf Conjurer began the quest for the Orb.
     0 | D:1      | Reached XP level 1. HP: 10/10 MP: 6/6
    80 | D:1      | Reached XP level 2. HP: 15/15 MP: 0/8
   132 | D:1      | Learned a level 2 spell: Searing Ray
   183 | D:1      | Reached skill level 4 in Spellcasting
   233 | D:1      | Reached XP level 3. HP: 19/19 MP: 2/10
   444 | D:1      | Reached skill level 5 in Conjurations
   937 | D:2      | Noticed Jessica
   941 | D:2      | Killed Jessica
   941 | D:2      | Reached XP level 4. HP: 24/24 MP: 7/12
   997 | D:2      | Learned a level 4 spell: Iskenderun's Mystic Blast
  1160 | D:2      | Reached skill level 5 in Spellcasting
  1221 | D:2      | Found a snail-covered altar of Cheibriados.
  1562 | D:3      | Noticed Natasha
  1568 | D:3      | Killed Natasha
  1568 | D:3      | Reached XP level 5. HP: 26/28 MP: 7/14
  1708 | D:3      | Found a faded altar of an unknown god.
  1721 | D:3      | Noticed Robin
  1748 | D:3      | Killed Robin
  1933 | D:3      | Found a shadowy altar of Dithmenos.
  2075 | D:3      | Reached skill level 6 in Spellcasting
  2397 | D:3      | Noticed Natasha
  2399 | D:3      | Killed Natasha
  2399 | D:3      | Reached XP level 6. HP: 32/32 MP: 4/17
  2864 | D:4      | Noticed zezblit's ghost (novice DsAK)
  2877 | D:4      | Learned a level 4 spell: Fulminant Prism
  2910 | D:4      | Killed zezblit's ghost
  2910 | D:4      | Reached skill level 7 in Spellcasting
  2910 | D:4      | Reached XP level 7. HP: 32/36 MP: 0/19
  3152 | D:4      | Found a shimmering altar of Xom.
  3660 | D:4      | Reached skill level 8 in Spellcasting
  3766 | D:5      | Entered Level 5 of the Dungeon
  3957 | D:5      | Noticed Ijyb
  3959 | D:5      | Paralysed by Ijyb for 7 turns
  3968 | D:5      | Paralysed by Ijyb for 2 turns
  3970 | D:5      | Killed Ijyb
  4156 | D:5      | Reached XP level 8. HP: 41/41 MP: 2/22
  4500 | D:5      | Reached skill level 9 in Spellcasting
  5170 | D:6      | Found a deep blue altar of Sif Muna.
  5178 | D:6      | Became a worshipper of Sif Muna the Loreminder
  5258 | D:6      | Found Vadoej's Book Shoppe.
  5260 | D:6      | Noticed Eustachio
  5274 | D:6      | Killed Eustachio
  5423 | D:6      | Reached skill level 5 in Hexes
  5511 | D:6      | Found a stormy altar of Qazlal.
  5511 | D:6      | Found a faded altar of an unknown god.
  5516 | D:6      | Found a blossoming altar of Fedhas.
  5516 | D:6      | Noticed Duvessa
  5516 | D:6      | Noticed Dowan
  5527 | D:6      | Killed Duvessa
  5528 | D:6      | Killed Dowan
  5528 | D:6      | Reached skill level 10 in Spellcasting
  5617 | D:6      | Found a faded altar of an unknown god.
  5618 | D:6      | Found an iron altar of Okawaru.
  5683 | D:6      | Reached * piety under Sif Muna
  5909 | D:6      | Reached XP level 9. HP: 45/45 MP: 20/25
  6235 | D:6      | Reached skill level 10 in Conjurations
  6415 | D:6      | Reached skill level 11 in Spellcasting
  6829 | D:7      | Reached ** piety under Sif Muna
  6908 | D:7      | Noticed Joseph
  7623 | D:7      | Found an opulent altar of Gozag.
  7661 | D:7      | Killed Joseph
  7671 | D:7      | Reached skill level 12 in Spellcasting
  8334 | D:7      | Reached XP level 10. HP: 50/50 MP: 15/28
  8436 | D:7      | Found a staircase to the Ecumenical Temple.
  8864 | D:8      | Found a glowing golden altar of the Shining One.
  8964 | D:8      | Reached *** piety under Sif Muna
  9776 | D:9      | Noticed a cyan very ugly thing
  9885 | D:8      | Reached skill level 1 in Invocations
 10255 | D:9      | Noticed a stone giant
 10455 | D:9      | Found a blossoming altar of Fedhas.
 10976 | D:9      | Reached skill level 13 in Spellcasting
 10981 | D:9      | Noticed a fire giant
 10997 | D:9      | Noticed a two-headed ogre
 11001 | D:9      | Killed a two-headed ogre
 11001 | D:9      | Reached **** piety under Sif Muna
 11082 | D:9      | Noticed a five-headed hydra
 11597 | D:9      | Slain by a stone giant

Skill      XL: |  1  2  3  4  5  6  7  8  9 10 |
---------------+-------------------------------+-----
Spellcasting   | 4 5 6 7 8 10 12 13 | 13.4
Conjurations   | 5 6 7 8 9 11 12 | 12.1
Hexes          | 2 3 5 7 8 |  8.8
Invocations    | 2 |  2.9
Dodging        | |  2.4
Stealth        | |  2.4

Action                   |  1- 3 |  4- 6 |  7- 9 | 10-12 || total
-------------------------+-------+-------+-------+-------++-------
Melee: Unarmed           |     7 |       |       |       ||     7
       Hand axe          |     2 |    19 |       |       ||    21
       Dagger            |       |    10 |       |       ||    10
       Spear             |       |     6 |    36 |       ||    42
       War axe           |       |       |    12 |    33 ||    45
 Cast: Magic Dart        |    64 |   115 |   176 |   107 ||   462
       Searing Ray       |       |     2 |     4 |       ||     6
       Iskenderun's Myst |       |     6 |    66 |    59 ||   131
       Fulminant Prism   |       |       |     6 |     8 ||    14
  Use: Scroll            |       |       |     8 |     2 ||    10
       Potion            |       |       |     1 |       ||     1
 Stab: Sleeping          |       |     1 |       |       ||     1
  Eat: Chunk             |       |     6 |    17 |    10 ||    33
       Royal jelly       |       |       |       |     1 ||     1
Armor: Robe              |     2 |     1 |       |       ||     3
       Leather armour    |       |    12 |    22 |    13 ||    47
Dodge: Dodged            |    19 |    27 |    62 |    35 ||   143
